 Dungeon Crawl Stone Soup version 0.29.0-4-gdea44cf6ec (webtiles) character file.

Game seed: 17932354850663660653

299 qw the Chopper (level 6, -3/35 HPs)
             Began as a Tengu Warper on Aug 28, 2022.
             Was an Initiate of Okawaru.
             Engulfed by a steam dragon's steam (11 damage)
             ... on level 4 of the Dungeon.
             The game lasted 00:00:23 (3664 turns).

qw the Chopper (Tengu Warper)                       Turns: 3664, Time: 00:00:23

Health: -3/35      AC:  6    Str: 13    XL:     6   Next: 36%
Magic:  10/10      EV: 14    Int: 13    God:    Okawaru [......]
Gold:   146        SH:  0    Dex: 14    Spells: 9/9 levels left

rFire   . . .      SeeInvis .   Y - +0 hand axe
rCold   . . .      Faith    .   (no shield)
rNeg    . . .      Spirit   .   f - +0 acid dragon scales
rPois   .          Reflect  .   (helmet restricted)
rElec   .          Harm     .   (no cloak)
rCorr   +          Rampage  .   (no gloves)
Will    .....                   (boots unavailable)
Stlth   +.........              (no amulet)
HPRegen 0.11/turn               (no ring)
MPRegen 0.12/turn               (no ring)

@: flying quickly and evasively, quick
A: beak, talons 3, nimble flight
a: Renounce Religion


You were on level 4 of the Dungeon.
You worshipped Okawaru.
Okawaru was noncommittal.
You visited 1 branch of the dungeon, and saw 4 of its levels.

You collected 146 gold pieces.


Innate Abilities, Weirdness & Mutations

You have a beak for a mouth.
You have claws for feet.
Your magical nature lets you fly swiftly and evasively.


   Skills:
 + Level 2.0 Fighting
 - Level 7.1 Axes
 - Level 1.0 Throwing
 - Level 1.1 Armour
 - Level 2.1 Dodging
 - Level 2.0 Spellcasting
 - Level 2.4 Translocations


You had 9 spell levels left.
You didn't know any spells.
Your spell library contained the following spells:

 Spells                   Type           Power      Damage    Failure   Level
 Blink                    Tloc           14%        N/A       22%         2
 Gell's Gravitas          Tloc           7%         N/A       38%         3
 Lesser Beckoning         Tloc           7%         N/A       38%         3
 Teleport Other           Tloc           7%         N/A       38%         3
 Manifold Assault         Tloc           7%         N/A       98%         5

Inventory:

Hand Weapons
 g - a +0 flail
 Y - a +0 hand axe (weapon)
Missiles
 b - 4 boomerangs (quivered)
Armour
 f - +0 acid dragon scales (worn)
 j - a +0 chain mail
 n - a scarf of shadows
Scrolls
 a - 4 scrolls of identify
 e - a scroll of vulnerability {unknown}
 h - a scroll of butterflies {unknown}
 m - a scroll of enchant armour {unknown}
Potions
 c - 2 potions of curing
 i - a potion of mutation {unknown}
 k - 2 potions of might {unknown}
 l - a potion of resistance {unknown}

Dungeon Overview and Level Annotations

Branches:
Dungeon (4/15)
 Temple: D:4-7

Altars:
Okawaru
Xom
Zin

Shops:
D:1 *   D:2 (


Message History

The steam dragon bites you but does no damage.
The steam dragon closely misses you.
You hit the steam dragon but do no damage.
Your peck misses the steam dragon.
The steam dragon is moderately wounded.
The steam dragon breathes steam at you. The ball of steam hits you!
An adder comes into view.
The adder hisses angrily.
3658 ||| DRINKING 3 potions of heal wounds.
You feel much better. The steam dragon breathes steam at you.
The ball of steam hits you!
You hit the steam dragon. Your kick misses the steam dragon.
The steam dragon is heavily wounded.
You are engulfed in a cloud of scalding steam.
The steam dragon bites you! The steam dragon barely misses you.
3660 ||| DRINKING 2 potions of heal wounds.
You feel much better.
You are engulfed in a cloud of scalding steam.
The steam dragon breathes steam at you. The ball of steam misses you.
You hit the steam dragon but do no damage.
Your kick misses the steam dragon.
You peck the steam dragon, but do no damage.
The steam dragon is heavily wounded.
You are engulfed in a cloud of scalding steam.
The steam dragon bites you. The steam dragon barely misses you.
3662 ||| DRINKING potion of heal wounds.
You feel much better. The steam dragon breathes steam at you.
The ball of steam misses you.
You barely miss the steam dragon.
The steam dragon is heavily wounded.
You are engulfed in a cloud of scalding steam.
The steam dragon misses you. The steam dragon closely misses you.
You barely miss the steam dragon. You claw the steam dragon.
The steam dragon is heavily wounded.
You are engulfed in a cloud of scalding steam.
You die...

#.. ## #.# .. #.# ##
D##.## ........####
#.........##.
#.####..##D.......
##........@..#
#...###..##.## #...#
#..##.# #...#
#..##.######...# #...#
#...............
#...###...#########..#
#.........# #..#
##.#.###........ #..#
#....# ###.####.# #..#


You could see a steam dragon (catching breath).

Vanquished Creatures
  An ogre (D:4)
  A phantom (D:4)
  Robin (D:4)
  A gnoll (D:1)
  2 adders
  2 worms (D:2)
  A dart slug (D:1)
  3 orcs (D:4)
  11 endoplasms
  2 giant cockroaches
  19 goblins
  11 hobgoblins
  3 quokkas (D:1)
  4 ball pythons
  9 bats
  6 frilled lizards
  5 kobolds
  5 rats
87 creatures vanquished.

Notes
Turn   | Place    | Note
-------+----------+-------------------------------------------
     0 | D:1      | qw the Tengu Warper began the quest for the Orb.
     0 | D:1      | Reached XP level 1. HP: 12/12 MP: 4/4
     0 | D:1      | 0 ||| qw: Version: 0.1-a-89-g26bdef1
     0 | D:1      | 0 ||| qw: Game counter: 3229
     0 | D:1      | 0 ||| qw: Always use a shield: true
     0 | D:1      | 0 ||| qw: God list: Okawaru
     0 | D:1      | 0 ||| qw: Allow faded altars: false
     0 | D:1      | 0 ||| qw: Do Orc after D:15 true
     0 | D:1      | 0 ||| qw: Do second Lair branch before Depths: true
     0 | D:1      | 0 ||| qw: Lair rune preference: random
     0 | D:1      | 0 ||| qw: Plans: Normal
     0 | D:1      | 0 ||| PLANNING D:1-11
     2 | D:1      | Found Kanuh's Assorted Antiques.
    10 | D:1      | 10 ||| SHOPLISTING black potion (26 gold, have 0).
    10 | D:1      | 10 ||| SHOPLISTING scroll labelled AKKUYDD YQEUF (29 gold,
                  | have 0).
    10 | D:1      | 10 ||| SHOPLISTING scroll labelled KEONNA TEDAYSCH (29
                  | gold, have 0).
    10 | D:1      | 10 ||| SHOPLISTING scroll labelled NEHINI KOIN (29 gold,
                  | have 0).
    28 | D:1      | 28 ||| Stepping ~*~*~tactically~*~*~ (stealth).
    71 | D:1      | 71 ||| Stepping ~*~*~tactically~*~*~ (stealth).
    72 | D:1      | 72 ||| Stepping ~*~*~tactically~*~*~ (stealth).
    74 | D:1      | 74 ||| Stepping ~*~*~tactically~*~*~ (stealth).
    75 | D:1      | 75 ||| Stepping ~*~*~tactically~*~*~ (stealth).
    76 | D:1      | 76 ||| Stepping ~*~*~tactically~*~*~ (stealth).
   155 | D:1      | Reached skill level 3 in Axes
   155 | D:1      | Reached XP level 2. HP: 17/17 MP: 6/6
   308 | D:1      | 308 ||| Stepping ~*~*~tactically~*~*~ (stealth).
   477 | D:1      | 477 ||| DROPPING +0 club.
   494 | D:1      | Reached skill level 4 in Axes
   494 | D:1      | Reached XP level 3. HP: 21/21 MP: 7/7
   958 | D:1      | Found a faded altar of an unknown god.
  1028 | D:1      | 1028 ||| DROPPING ring of wizardry.
  1029 | D:1      | 1029 ||| READING 3 scrolls labelled KEONNA TEDAYSCH.
  1030 | D:1      | 1030 ||| READING 2 scrolls of identify.
  1030 | D:1      | 1030 ||| IDENTIFYING fuming orange potion
  1031 | D:1      | 1031 ||| DROPPING scroll of blinking.
  1032 | D:1      | 1032 ||| DROPPING potion of lignification.
  1080 | D:2      | 1080 ||| FLEEEEING.
  1081 | D:2      | 1081 ||| FLEEEEING.
  1082 | D:2      | 1082 ||| FLEEEEING.
  1083 | D:2      | 1083 ||| FLEEEEING.
  1084 | D:2      | 1084 ||| FLEEEEING.
  1085 | D:2      | 1085 ||| FLEEEEING.
  1086 | D:2      | 1086 ||| FLEEEEING.
  1087 | D:2      | 1087 ||| FLEEEEING.
  1088 | D:2      | 1088 ||| STAIRDANCE
  1169 | D:2      | Found Ciqerigeur's Weapon Shop.
  1330 | D:2      | Reached XP level 4. HP: 26/26 MP: 8/8
  1842 | D:2      | 1842 ||| Stepping ~*~*~tactically~*~*~ (stealth).
  1843 | D:2      | 1843 ||| Stepping ~*~*~tactically~*~*~ (stealth).
  1845 | D:2      | 1845 ||| Stepping ~*~*~tactically~*~*~ (stealth).
  1846 | D:2      | 1846 ||| Stepping ~*~*~tactically~*~*~ (stealth).
  1847 | D:2      | 1847 ||| Stepping ~*~*~tactically~*~*~ (stealth).
  2112 | D:2      | 2112 ||| UPGRADING to +0 scale mail.
  2122 | D:2      | 2122 ||| DROPPING +0 leather armour.
  2123 | D:2      | 2123 ||| UPGRADING to +0 acid dragon scales.
  2133 | D:2      | 2133 ||| DROPPING +0 scale mail.
  2134 | D:2      | 2134 ||| DRINKING 2 black potions.
  2135 | D:2      | 2135 ||| DRINKING 2 bubbling brown potions.
  2136 | D:2      | 2136 ||| READING 2 scrolls of identify.
  2136 | D:2      | 2136 ||| IDENTIFYING white potion
  2137 | D:2      | 2137 ||| DROPPING potion of ambrosia.
  2153 | D:3      | 2153 ||| STAIRDANCE
  2211 | D:3      | Reached skill level 5 in Axes
  2296 | D:3      | Found a shimmering altar of Xom.
  2347 | D:3      | Found an iron altar of Okawaru.
  2355 | D:3      | Became a worshipper of Warmaster Okawaru
  2356 | D:3      | Identified the +9 spear of Viprytut {freeze, rF+ rC- Dex+4}
  2905 | D:3      | 2905 ||| READING scroll labelled NEHINI KOIN.
  2910 | D:3      | 2910 ||| READING scroll labelled EWOORA PUWOD.
  2911 | D:3      | 2911 ||| READING 2 scrolls of identify.
  2911 | D:3      | 2911 ||| IDENTIFYING amethyst potion
  2912 | D:3      | 2912 ||| DROPPING potion of berserk rage.
  2952 | D:4      | 2952 ||| Stepping ~*~*~tactically~*~*~ (hiding).
  2954 | D:4      | 2954 ||| Stepping ~*~*~tactically~*~*~ (stealth).
  2955 | D:4      | 2955 ||| Stepping ~*~*~tactically~*~*~ (hiding).
  2956 | D:4      | 2956 ||| Stepping ~*~*~tactically~*~*~ (stealth).
  2957 | D:4      | 2957 ||| Stepping ~*~*~tactically~*~*~ (hiding).
  3150 | D:4      | Noticed Robin
  3151 | D:4      | 3151 ||| Stepping ~*~*~tactically~*~*~ (stealth).
  3163 | D:4      | Killed Robin
  3164 | D:4      | Gained mutation: Your magical nature lets you fly swiftly
                  | and evasively. [Tengu growth]
  3164 | D:4      | Reached XP level 5. HP: 25/30 MP: 9/9
  3236 | D:4      | Noticed an ogre
  3243 | D:4      | Killed an ogre
  3244 | D:4      | Reached skill level 6 in Axes
  3310 | D:4      | 3310 ||| DROPPING +0 mace.
  3365 | D:4      | Found a glowing silver altar of Zin.
  3489 | D:4      | Noticed a phantom
  3502 | D:4      | Killed a phantom
  3503 | D:4      | Reached skill level 7 in Axes
  3503 | D:4      | Reached XP level 6. HP: 32/35 MP: 10/10
  3552 | D:4      | 3552 ||| Stepping ~*~*~tactically~*~*~ (stealth).
  3649 | D:4      | Noticed a steam dragon
  3650 | D:4      | 3650 ||| Stepping ~*~*~tactically~*~*~ (hiding).
  3657 | D:4      | HP: 5/35 [steam dragon/ball of steam (11)]
  3658 | D:4      | 3658 ||| DRINKING 3 potions of heal wounds.
  3660 | D:4      | 3660 ||| DRINKING 2 potions of heal wounds.
  3661 | D:4      | HP: 2/35 [steam dragon (5)]
  3662 | D:4      | 3662 ||| DRINKING potion of heal wounds.
  3664 | D:4      | Engulfed by a steam dragon's steam

Levels and vault maps discovered:
D:1:      grunt_arrival_crossed_arrows, layout_rooms,
          hellmonk_ecumenical_altar_defaced_shrine, serial_shops, shop,
          minmay_misc_feat_more_columns, grunt_decor_one_mirror
D:2:      minmay_recursive_quarters, layout_loops_ring, serial_shops,
          nicolae_shop_bloodbath_and_beyond
D:3:      layout_basic, okawaru_ov_weapons_minmay, lemuel_round_altar,
          grunt_ministairs_12, minmay_splitting_lines
D:4:      kennysheep_the_goblin_king, layout_loops_ring,
          mainiacjoe_overflow_catwalk, uniq_robin

Skill      XL: |  1  2  3  4  5 |
---------------+----------------+-----
Axes           | 3 4 5 7 |  7.1
Fighting       | |  2.0
Throwing       | |  1.0
Armour         | |  1.1
Dodging        | |  2.1
Spellcasting   | |  2.0
Translocations | |  2.4

Action                   |  1- 3 |  4- 6 || total
-------------------------+-------+-------++-------
Melee: Hand axe          |    96 |    88 ||   184
       Kick              |    20 |    25 ||    45
       Peck              |     9 |    10 ||    19
       Punch             |     1 |       ||     1
Throw: Boomerang         |     7 |    39 ||    46
  Use: Scroll            |     2 |     4 ||     6
       Potion            |       |     5 ||     5
 Stab: Distracted        |       |     1 ||     1
Armor: Leather armour    |    16 |     2 ||    18
       Acid dragon scale |       |    22 ||    22
Dodge: Dodged            |    40 |    33 ||    73

Table legend:
 A = Non-vault XP
 B = Vault XP
 C = Vault XP percentage of total XP
 D = Non-vault monster count
 E = Vault monster count
 F = Vault count percentage of total count
                 A         B        C        D         E       F
            +---------+---------+-------+---------+---------+-------
      Total |     382 |      46 |  10.7 |      68 |      19 |  21.8
            +---------+---------+-------+---------+---------+-------
        D:1 |      62 |       0 |   0.0 |      30 |       0 |   0.0
        D:2 |      30 |      16 |  34.8 |      13 |      10 |  43.5
        D:3 |      25 |       0 |   0.0 |       8 |       0 |   0.0
        D:4 |     265 |      30 |  10.2 |      17 |       9 |  34.6
            +---------+---------+-------+---------+---------+-------
